[ PARTIDA AOE2 · #474262762 ]
UnrankedGodos vs Spanish
[ ANÁLISIS DE REPETICIÓN · EXTRAÍDO DE LA PARTIDA GRABADA ]
Feudal
10:51
Castillos
15:54
Imperial
28:32
| APM promedio | 26.2 |
| APM pico | 60 |
| eAPM promedio | 13.6 |
| Aldeanos / militares | 79 / 35 |
Foco
⚔️ 13.0% · 🌾 87.0%
Huskarl ×33 · Trebuchet (Packed) ×2
Feudal
11:15
Castillos
15:26
Imperial
31:15
| APM promedio | 38.3 |
| APM pico | 69 |
| eAPM promedio | 22.6 |
| Aldeanos / militares | 173 / 38 |
Foco
⚔️ 29.7% · 🌾 70.3%
Knight ×37 · Monk ×1
Feudal
9:46
Castillos
16:09
Imperial
33:11
| APM promedio | 19.3 |
| APM pico | 37 |
| eAPM promedio | 11.4 |
| Aldeanos / militares | 73 / 32 |
Foco
⚔️ 23.4% · 🌾 76.6%
Conquistador ×32
Feudal
10:32
Castillos
24:12
Imperial
33:21
| APM promedio | 54.0 |
| APM pico | 89 |
| eAPM promedio | 21.0 |
| Aldeanos / militares | 72 / 83 |
Foco
⚔️ 32.9% · 🌾 67.1%
Skirmisher ×45 · Archer ×34 · Militia ×4
Feudal
10:37
Castillos
16:39
Imperial
31:05
| APM promedio | 13.8 |
| APM pico | 33 |
| eAPM promedio | 8.5 |
| Aldeanos / militares | 46 / 3 |
Foco
⚔️ 13.6% · 🌾 86.4%
Iron Pagoda ×2 · Monk ×1
Feudal
9:57
Castillos
24:11
Imperial
—
| APM promedio | 43.8 |
| APM pico | 70 |
| eAPM promedio | 17.5 |
| Aldeanos / militares | 74 / 80 |
Foco
⚔️ 27.7% · 🌾 72.3%
Archer ×70 · Skirmisher ×8 · Mangonel ×2
Mapa de la partida
Recursos iniciales + cada clic de construcción. Líneas = muros · curvas = relieve. ◆ oro · ⬟ piedra · ● bayas · ✦ reliquia · ◌ hueco del cierre
Inputs por minuto
— SJW | Isaac - - SJW | Henrì
Build order — SJW | Isaac
Primeras 150 de 182 acciones detectadas
| 0:02 | Crear | Villager (Male) ×4 |
| 0:04 | Construir | House |
| 0:06 | Construir | House |
| 1:17 | Crear | Villager (Male) |
| 1:17 | Crear | Villager (Male) |
| 2:10 | Crear | Villager (Male) |
| 2:10 | Crear | Villager (Male) |
| 2:17 | Construir | Lumber Camp |
| 2:28 | Crear | Villager (Male) |
| 2:28 | Crear | Villager (Male) |
| 2:28 | Crear | Villager (Male) |
| 3:02 | Crear | Villager (Male) |
| 3:02 | Crear | Villager (Male) |
| 3:03 | Crear | Villager (Male) |
| 3:03 | Crear | Villager (Male) |
| 3:40 | Crear | Villager (Male) |
| 3:40 | Crear | Villager (Male) |
| 3:41 | Crear | Villager (Male) |
| 3:59 | Construir | House |
| 4:19 | Crear | Villager (Male) |
| 4:19 | Crear | Villager (Male) |
| 4:20 | Crear | Villager (Male) |
| 4:23 | Construir | Mill |
| 4:53 | Crear | Villager (Male) |
| 4:54 | Crear | Villager (Male) |
| 4:54 | Crear | Villager (Male) |
| 5:42 | Crear | Villager (Male) |
| 5:42 | Crear | Villager (Male) |
| 6:35 | Crear | Villager (Male) |
| 6:35 | Crear | Villager (Male) |
| 6:36 | Crear | Villager (Male) |
| 6:41 | Construir | House |
| 7:16 | Crear | Villager (Male) |
| 7:17 | Crear | Villager (Male) |
| 7:49 | Investigar | Loom |
| 8:36 | Investigar | Feudal Age |
| 10:15 | Construir | Farm |
| 10:15 | Construir | Farm |
| 10:16 | Construir | Farm |
| 10:17 | Construir | Farm |
| 10:18 | Construir | Farm |
| 10:18 | Construir | Farm |
| 10:51 | Edad | Edad Feudal |
| 10:58 | Crear | Villager (Male) |
| 10:58 | Crear | Villager (Male) |
| 11:02 | Construir | House |
| 11:18 | Construir | Market |
| 11:20 | Construir | Blacksmith |
| 11:47 | Crear | Villager (Male) |
| 11:48 | Crear | Villager (Male) |
| 11:55 | Construir | Mining Camp |
| 11:59 | Construir | Mining Camp |
| 12:37 | Investigar | Double-Bit Axe |
| 12:43 | Crear | Villager (Male) |
| 13:14 | Investigar | Castle Age |
| 13:14 | Investigar | Castle Age |
| 13:32 | Investigar | Horse Collar |
| 13:45 | Construir | Lumber Camp |
| 14:47 | Construir | Mining Camp |
| 15:42 | Construir | House |
| 15:44 | Construir | House |
| 15:45 | Construir | House |
| 15:54 | Edad | Edad de los Castillos |
| 16:00 | Investigar | Bow Saw |
| 16:03 | Investigar | Heavy Plow |
| 16:42 | Crear | Villager (Male) |
| 16:47 | Construir | Farm |
| 17:00 | Construir | Barracks |
| 17:28 | Construir | Castle |
| 17:39 | Crear | Villager (Male) |
| 17:39 | Crear | Villager (Male) |
| 17:44 | Construir | Farm |
| 18:06 | Crear | Villager (Male) |
| 18:08 | Crear | Villager (Male) |
| 18:25 | Construir | Farm |
| 18:55 | Crear | Huskarl |
| 19:15 | Crear | Villager (Male) |
| 19:15 | Crear | Villager (Male) |
| 19:15 | Crear | Villager (Male) |
| 19:23 | Construir | Town Center |
| 19:36 | Crear | Villager (Male) |
| 19:48 | Construir | Farm |
| 19:48 | Construir | Farm |
| 19:49 | Construir | Farm |
| 19:56 | Construir | Farm |
| 20:00 | Construir | Farm |
| 20:22 | Construir | Town Center |
| 20:30 | Investigar | Town Watch |
| 20:51 | Investigar | Scale Mail Armor |
| 21:13 | Crear | Villager (Male) |
| 21:13 | Crear | Villager (Male) |
| 21:23 | Construir | Farm |
| 21:23 | Construir | Farm |
| 21:23 | Construir | Farm |
| 21:24 | Construir | Farm |
| 21:51 | Crear | Villager (Male) |
| 21:53 | Crear | Villager (Male) |
| 21:53 | Crear | Villager (Male) |
| 22:01 | Construir | Farm |
| 22:10 | Construir | Farm |
| 22:14 | Crear | Villager (Male) |
| 22:15 | Crear | Villager (Male) |
| 22:39 | Crear | Villager (Male) |
| 22:46 | Construir | Farm |
| 22:49 | Construir | Farm |
| 22:58 | Crear | Villager (Male) |
| 23:31 | Crear | Villager (Male) |
| 23:32 | Crear | Villager (Male) |
| 23:42 | Construir | Farm |
| 23:46 | Construir | Farm |
| 23:49 | Construir | Farm |
| 23:55 | Crear | Villager (Male) |
| 23:57 | Crear | Villager (Male) |
| 24:02 | Crear | Villager (Male) |
| 24:02 | Crear | Villager (Male) |
| 24:04 | Crear | Villager (Male) |
| 24:04 | Crear | Villager (Male) |
| 25:22 | Investigar | Imperial Age |
| 25:22 | Investigar | Imperial Age |
| 25:37 | Construir | Mining Camp |
| 25:40 | Crear | Villager (Male) |
| 25:40 | Crear | Villager (Male) |
| 25:47 | Construir | Farm |
| 25:58 | Construir | Blacksmith |
| 26:05 | Investigar | Squires |
| 26:24 | Crear | Villager (Male) |
| 26:24 | Crear | Villager (Male) |
| 26:35 | Construir | Farm |
| 26:35 | Construir | Farm |
| 26:48 | Crear | Huskarl |
| 26:48 | Crear | Huskarl |
| 26:49 | Crear | Huskarl |
| 26:49 | Crear | Huskarl |
| 26:49 | Crear | Huskarl |
| 26:57 | Investigar | Gold Mining |
| 27:10 | Construir | House |
| 27:11 | Construir | House |
| 27:12 | Construir | House |
| 27:13 | Construir | House |
| 27:15 | Construir | House |
| 27:16 | Construir | House |
| 27:18 | Construir | House |
| 27:19 | Construir | House |
| 27:36 | Construir | Lumber Camp |
| 27:41 | Investigar | Scale Mail Armor |
| 28:12 | Crear | Huskarl |
| 28:12 | Crear | Huskarl |
| 28:22 | Construir | Lumber Camp |
| 28:25 | Crear | Villager (Male) |
| 28:25 | Crear | Villager (Male) |
Build order — SJW | Henrì
Primeras 150 de 371 acciones detectadas
| 0:00 | Crear | Villager (Male) |
| 0:01 | Crear | Villager (Male) |
| 0:01 | Crear | Villager (Male) |
| 0:02 | Crear | Villager (Male) |
| 0:02 | Crear | Villager (Male) |
| 0:02 | Crear | Villager (Male) |
| 0:02 | Crear | Villager (Male) |
| 0:03 | Construir | House |
| 0:05 | Construir | House |
| 1:31 | Crear | Villager (Male) |
| 1:32 | Crear | Villager (Male) |
| 1:52 | Crear | Villager (Male) |
| 1:52 | Crear | Villager (Male) |
| 1:52 | Crear | Villager (Male) |
| 1:55 | Construir | Lumber Camp |
| 2:24 | Crear | Villager (Male) |
| 2:24 | Crear | Villager (Male) |
| 2:51 | Crear | Villager (Male) |
| 2:51 | Crear | Villager (Male) |
| 3:12 | Crear | Villager (Male) |
| 3:33 | Construir | House |
| 3:39 | Crear | Villager (Male) |
| 3:56 | Crear | Villager (Male) |
| 3:56 | Crear | Villager (Male) |
| 4:29 | Crear | Villager (Male) |
| 4:29 | Crear | Villager (Male) |
| 4:29 | Crear | Villager (Male) |
| 4:41 | Construir | Mill |
| 4:53 | Crear | Villager (Male) |
| 4:53 | Crear | Villager (Male) |
| 5:17 | Crear | Villager (Male) |
| 5:30 | Crear | Villager (Male) |
| 5:43 | Construir | House |
| 5:55 | Crear | Villager (Male) |
| 6:41 | Crear | Villager (Male) |
| 7:17 | Crear | Villager (Male) |
| 7:17 | Crear | Villager (Male) |
| 8:13 | Crear | Villager (Male) |
| 8:13 | Crear | Villager (Male) |
| 9:01 | Crear | Villager (Male) |
| 9:05 | Investigar | Feudal Age |
| 9:47 | Construir | Mining Camp |
| 10:04 | Construir | Farm |
| 10:05 | Construir | Farm |
| 11:15 | Edad | Edad Feudal |
| 11:18 | Crear | Villager (Male) |
| 11:18 | Crear | Villager (Male) |
| 11:21 | Construir | Market |
| 11:23 | Construir | Blacksmith |
| 11:27 | Construir | Blacksmith |
| 11:31 | Investigar | Wheelbarrow |
| 12:11 | Investigar | Castle Age |
| 15:26 | Edad | Edad de los Castillos |
| 15:26 | Crear | Villager (Male) |
| 15:29 | Construir | Town Center |
| 15:33 | Construir | Town Center |
| 15:36 | Investigar | Town Watch |
| 15:41 | Construir | Town Center |
| 15:47 | Construir | House |
| 15:57 | Investigar | Loom |
| 16:43 | Crear | Villager (Male) |
| 17:08 | Crear | Villager (Male) |
| 17:08 | Crear | Villager (Male) |
| 17:09 | Crear | Villager (Male) |
| 17:09 | Crear | Villager (Male) |
| 17:09 | Crear | Villager (Male) |
| 17:14 | Construir | Town Center |
| 17:21 | Construir | Farm |
| 17:32 | Construir | Farm |
| 17:36 | Construir | Farm |
| 17:38 | Construir | Farm |
| 17:42 | Construir | Farm |
| 17:44 | Crear | Villager (Male) |
| 17:44 | Crear | Villager (Male) |
| 17:52 | Construir | Farm |
| 17:55 | Construir | Farm |
| 18:04 | Construir | Farm |
| 18:14 | Construir | Farm |
| 18:19 | Construir | Farm |
| 18:22 | Crear | Villager (Male) |
| 18:22 | Crear | Villager (Male) |
| 18:22 | Crear | Villager (Male) |
| 18:26 | Construir | Farm |
| 18:28 | Construir | Farm |
| 18:32 | Crear | Villager (Male) |
| 18:33 | Crear | Villager (Male) |
| 18:53 | Construir | Farm |
| 19:01 | Crear | Villager (Male) |
| 19:01 | Crear | Villager (Male) |
| 19:02 | Crear | Villager (Male) |
| 19:05 | Construir | Farm |
| 19:07 | Construir | Farm |
| 19:08 | Crear | Villager (Male) |
| 19:08 | Crear | Villager (Male) |
| 19:09 | Crear | Villager (Male) |
| 19:13 | Construir | Farm |
| 19:18 | Crear | Villager (Male) |
| 19:18 | Crear | Villager (Male) |
| 19:29 | Construir | Farm |
| 19:31 | Construir | Farm |
| 19:32 | Crear | Villager (Male) |
| 19:32 | Crear | Villager (Male) |
| 19:32 | Crear | Villager (Male) |
| 19:34 | Construir | Farm |
| 19:40 | Construir | House |
| 19:41 | Construir | House |
| 19:43 | Crear | Villager (Male) |
| 19:43 | Crear | Villager (Male) |
| 19:43 | Crear | Villager (Male) |
| 19:50 | Construir | Farm |
| 19:55 | Crear | Villager (Male) |
| 19:55 | Crear | Villager (Male) |
| 20:06 | Construir | Farm |
| 20:08 | Crear | Villager (Male) |
| 20:09 | Crear | Villager (Male) |
| 20:19 | Construir | Farm |
| 20:21 | Crear | Villager (Male) |
| 20:21 | Crear | Villager (Male) |
| 20:21 | Crear | Villager (Male) |
| 20:21 | Crear | Villager (Male) |
| 20:24 | Crear | Villager (Male) |
| 20:24 | Crear | Villager (Male) |
| 20:29 | Construir | Farm |
| 20:32 | Crear | Villager (Male) |
| 20:40 | Construir | Farm |
| 20:45 | Crear | Villager (Male) |
| 20:45 | Crear | Villager (Male) |
| 20:45 | Crear | Villager (Male) |
| 20:54 | Construir | Farm |
| 21:02 | Crear | Villager (Male) |
| 21:02 | Crear | Villager (Male) |
| 21:03 | Crear | Villager (Male) |
| 21:03 | Crear | Villager (Male) |
| 21:03 | Crear | Villager (Male) |
| 21:03 | Crear | Villager (Male) |
| 21:08 | Construir | Farm |
| 21:14 | Crear | Villager (Male) |
| 21:14 | Crear | Villager (Male) |
| 21:21 | Construir | Farm |
| 21:43 | Crear | Villager (Male) |
| 21:43 | Crear | Villager (Male) |
| 21:43 | Crear | Villager (Male) |
| 21:43 | Crear | Villager (Male) |
| 21:43 | Crear | Villager (Male) |
| 21:43 | Crear | Villager (Male) |
| 21:46 | Construir | Farm |
| 21:49 | Construir | Farm |
| 21:51 | Construir | Farm |
| 21:54 | Construir | House |
| 21:55 | Construir | House |
Build order — Czech_Airwave
Primeras 150 de 197 acciones detectadas
| 0:01 | Crear | Villager (Male) |
| 0:01 | Crear | Villager (Male) |
| 0:01 | Crear | Villager (Male) |
| 0:02 | Construir | House |
| 0:04 | Construir | House |
| 0:25 | Crear | Villager (Male) |
| 1:28 | Crear | Villager (Male) |
| 1:52 | Construir | Lumber Camp |
| 2:00 | Crear | Villager (Male) |
| 2:00 | Crear | Villager (Male) |
| 2:30 | Crear | Villager (Male) |
| 2:50 | Crear | Villager (Male) |
| 3:07 | Crear | Villager (Male) |
| 3:11 | Construir | House |
| 3:34 | Crear | Villager (Male) |
| 3:35 | Crear | Villager (Male) |
| 4:05 | Crear | Villager (Male) |
| 4:05 | Crear | Villager (Male) |
| 4:27 | Crear | Villager (Male) |
| 4:27 | Crear | Villager (Male) |
| 4:28 | Crear | Villager (Male) |
| 4:28 | Crear | Villager (Male) |
| 4:35 | Construir | House |
| 4:44 | Construir | Mill |
| 5:56 | Crear | Villager (Male) |
| 5:56 | Crear | Villager (Male) |
| 5:56 | Crear | Villager (Male) |
| 7:10 | Crear | Villager (Male) |
| 7:29 | Investigar | Feudal Age |
| 7:35 | Construir | Mining Camp |
| 7:39 | Construir | Palisade Wall |
| 8:33 | Construir | House |
| 9:19 | Crear | Villager (Male) |
| 9:19 | Crear | Villager (Male) |
| 9:46 | Edad | Edad Feudal |
| 9:49 | Construir | Market |
| 10:17 | Crear | Villager (Male) |
| 10:18 | Crear | Villager (Male) |
| 10:31 | Construir | House |
| 11:04 | Construir | Blacksmith |
| 11:40 | Crear | Villager (Male) |
| 11:40 | Crear | Villager (Male) |
| 12:21 | Investigar | Loom |
| 13:29 | Investigar | Castle Age |
| 13:47 | Construir | Farm |
| 13:52 | Construir | Farm |
| 13:54 | Construir | Farm |
| 13:56 | Construir | Farm |
| 14:03 | Construir | Farm |
| 14:06 | Construir | Farm |
| 14:22 | Construir | House |
| 15:22 | Construir | House |
| 15:24 | Construir | House |
| 15:31 | Crear | Villager (Male) |
| 15:31 | Crear | Villager (Male) |
| 16:03 | Construir | House |
| 16:09 | Edad | Edad de los Castillos |
| 16:11 | Construir | Castle |
| 16:20 | Construir | Town Center |
| 16:46 | Construir | Farm |
| 16:49 | Crear | Villager (Male) |
| 17:02 | Construir | Farm |
| 17:05 | Crear | Villager (Male) |
| 17:19 | Investigar | Double-Bit Axe |
| 17:20 | Investigar | Horse Collar |
| 17:28 | Construir | Farm |
| 17:46 | Construir | Mining Camp |
| 17:48 | Crear | Villager (Male) |
| 17:49 | Crear | Villager (Male) |
| 17:52 | Construir | Farm |
| 18:14 | Crear | Conquistador |
| 18:21 | Construir | House |
| 18:22 | Construir | House |
| 18:38 | Crear | Villager (Male) |
| 18:42 | Construir | Farm |
| 18:45 | Construir | Farm |
| 18:50 | Construir | Farm |
| 18:55 | Construir | Farm |
| 18:58 | Crear | Villager (Male) |
| 19:15 | Construir | Farm |
| 19:19 | Crear | Villager (Male) |
| 19:21 | Crear | Conquistador |
| 19:35 | Crear | Villager (Male) |
| 19:44 | Construir | Farm |
| 19:58 | Crear | Conquistador |
| 20:03 | Crear | Villager (Male) |
| 20:05 | Crear | Villager (Male) |
| 20:11 | Construir | Farm |
| 20:36 | Crear | Conquistador |
| 20:39 | Construir | Farm |
| 20:40 | Crear | Villager (Male) |
| 20:41 | Crear | Villager (Male) |
| 21:15 | Crear | Villager (Male) |
| 21:16 | Crear | Villager (Male) |
| 21:19 | Construir | Farm |
| 21:20 | Crear | Conquistador |
| 21:31 | Construir | Town Center |
| 21:43 | Investigar | Padded Archer Armor |
| 21:45 | Crear | Conquistador |
| 21:49 | Crear | Villager (Male) |
| 21:55 | Crear | Villager (Male) |
| 22:02 | Crear | Conquistador |
| 22:19 | Crear | Villager (Male) |
| 22:23 | Crear | Villager (Male) |
| 22:30 | Construir | Farm |
| 22:31 | Crear | Villager (Male) |
| 22:47 | Investigar | Leather Archer Armor |
| 22:54 | Crear | Villager (Male) |
| 22:56 | Crear | Villager (Male) |
| 22:58 | Construir | Farm |
| 23:01 | Construir | Farm |
| 23:11 | Crear | Conquistador |
| 23:19 | Crear | Villager (Male) |
| 23:22 | Construir | Farm |
| 23:32 | Crear | Villager (Male) |
| 23:43 | Crear | Conquistador |
| 23:47 | Crear | Villager (Male) |
| 23:48 | Crear | Villager (Male) |
| 23:54 | Construir | Farm |
| 24:02 | Construir | Farm |
| 24:05 | Crear | Conquistador |
| 24:30 | Crear | Villager (Male) |
| 24:31 | Crear | Villager (Male) |
| 24:31 | Crear | Villager (Male) |
| 24:34 | Construir | Farm |
| 24:44 | Crear | Villager (Male) |
| 24:45 | Crear | Villager (Male) |
| 24:45 | Crear | Villager (Male) |
| 25:17 | Crear | Villager (Male) |
| 25:17 | Crear | Villager (Male) |
| 25:18 | Crear | Villager (Male) |
| 25:19 | Crear | Conquistador |
| 25:19 | Crear | Conquistador |
| 25:52 | Construir | Mill |
| 25:58 | Construir | Farm |
| 25:58 | Construir | Farm |
| 25:58 | Construir | Farm |
| 25:58 | Construir | Farm |
| 25:58 | Construir | Farm |
| 25:59 | Construir | Farm |
| 26:13 | Investigar | Wheelbarrow |
| 26:14 | Investigar | Town Watch |
| 26:42 | Crear | Conquistador |
| 26:42 | Crear | Conquistador |
| 26:47 | Construir | Farm |
| 26:48 | Construir | Farm |
| 26:52 | Construir | Outpost |
| 26:56 | Construir | Farm |
| 26:59 | Construir | Farm |
| 27:12 | Crear | Villager (Male) |
Build order — SJW | Jasent
Primeras 150 de 246 acciones detectadas
| 0:01 | Crear | Villager (Male) ×4 |
| 0:02 | Construir | House |
| 0:03 | Construir | House |
| 1:24 | Crear | Villager (Male) |
| 1:24 | Crear | Villager (Male) |
| 1:57 | Crear | Villager (Male) |
| 1:57 | Crear | Villager (Male) |
| 1:57 | Crear | Villager (Male) |
| 2:13 | Construir | Lumber Camp |
| 2:25 | Crear | Villager (Male) |
| 2:25 | Crear | Villager (Male) |
| 2:40 | Crear | Villager (Male) |
| 3:12 | Crear | Villager (Male) |
| 3:12 | Crear | Villager (Male) |
| 3:47 | Crear | Villager (Male) |
| 3:47 | Crear | Villager (Male) |
| 3:47 | Crear | Villager (Male) |
| 3:52 | Construir | House |
| 3:53 | Construir | House |
| 4:08 | Crear | Villager (Male) |
| 4:08 | Crear | Villager (Male) |
| 4:09 | Crear | Villager (Male) |
| 4:32 | Construir | Mill |
| 4:55 | Crear | Villager (Male) |
| 4:55 | Crear | Villager (Male) |
| 5:28 | Crear | Villager (Male) |
| 6:16 | Crear | Villager (Male) |
| 6:35 | Construir | Barracks |
| 6:42 | Crear | Villager (Male) |
| 7:15 | Crear | Villager (Male) |
| 7:33 | Construir | Mining Camp |
| 7:42 | Investigar | Loom |
| 8:22 | Investigar | Feudal Age |
| 8:33 | Crear | Militia |
| 8:33 | Crear | Militia |
| 8:34 | Crear | Militia |
| 8:56 | Crear | Militia |
| 9:53 | Crear | Villager (Male) |
| 10:32 | Edad | Edad Feudal |
| 10:37 | Construir | Archery Range |
| 10:39 | Construir | Archery Range |
| 10:45 | Investigar | Man-at-Arms (upgrade) |
| 10:45 | Investigar | Man-at-Arms (upgrade) |
| 10:45 | Investigar | Double-Bit Axe |
| 10:46 | Investigar | Double-Bit Axe |
| 10:52 | Crear | Villager (Male) |
| 11:02 | Construir | House |
| 11:28 | Crear | Villager (Male) |
| 11:30 | Construir | House |
| 11:36 | Construir | Blacksmith |
| 11:37 | Crear | Archer |
| 11:38 | Crear | Archer |
| 12:07 | Crear | Archer |
| 12:07 | Crear | Archer |
| 12:07 | Crear | Archer |
| 12:12 | Construir | House |
| 12:44 | Crear | Archer |
| 12:44 | Crear | Archer |
| 12:44 | Crear | Archer |
| 12:48 | Investigar | Fletching |
| 12:48 | Investigar | Fletching |
| 12:50 | Crear | Villager (Male) |
| 12:50 | Crear | Villager (Male) |
| 13:03 | Construir | House |
| 13:05 | Construir | Farm |
| 13:08 | Crear | Archer |
| 13:08 | Crear | Archer |
| 13:18 | Construir | Farm |
| 13:30 | Crear | Archer |
| 13:30 | Crear | Archer |
| 13:30 | Crear | Archer |
| 13:36 | Construir | Palisade Wall |
| 13:38 | Construir | House |
| 13:43 | Crear | Archer |
| 13:43 | Crear | Archer |
| 13:50 | Crear | Archer |
| 13:50 | Crear | Archer |
| 13:51 | Crear | Villager (Male) |
| 13:51 | Crear | Villager (Male) |
| 14:16 | Crear | Villager (Male) |
| 14:18 | Construir | Farm |
| 14:51 | Crear | Archer |
| 14:51 | Crear | Archer |
| 14:52 | Crear | Archer |
| 14:52 | Crear | Villager (Male) |
| 14:53 | Crear | Villager (Male) |
| 14:53 | Crear | Villager (Male) |
| 14:57 | Construir | Farm |
| 15:09 | Crear | Villager (Male) |
| 15:16 | Construir | Farm |
| 15:50 | Crear | Skirmisher |
| 15:50 | Crear | Skirmisher |
| 16:06 | Crear | Villager (Male) |
| 16:06 | Crear | Villager (Male) |
| 16:08 | Construir | Farm |
| 16:10 | Construir | Farm |
| 16:11 | Construir | Farm |
| 16:11 | Construir | Farm |
| 16:11 | Construir | Farm |
| 16:12 | Construir | Farm |
| 16:12 | Construir | Farm |
| 16:55 | Crear | Skirmisher |
| 16:55 | Crear | Skirmisher |
| 17:00 | Crear | Villager (Male) |
| 17:00 | Crear | Villager (Male) |
| 17:02 | Construir | Farm |
| 17:18 | Crear | Skirmisher |
| 17:18 | Crear | Skirmisher |
| 17:37 | Crear | Villager (Male) |
| 17:38 | Construir | Farm |
| 17:46 | Crear | Villager (Male) |
| 17:46 | Crear | Villager (Male) |
| 17:49 | Crear | Skirmisher |
| 17:49 | Crear | Skirmisher |
| 17:49 | Crear | Skirmisher |
| 17:59 | Crear | Skirmisher |
| 18:09 | Investigar | Padded Archer Armor |
| 18:10 | Investigar | Padded Archer Armor |
| 18:35 | Construir | Farm |
| 18:40 | Crear | Villager (Male) |
| 18:45 | Crear | Skirmisher ×5 |
| 18:46 | Crear | Skirmisher ×5 |
| 19:26 | Construir | Farm |
| 19:29 | Construir | Farm |
| 19:31 | Construir | Farm |
| 19:37 | Construir | Farm |
| 19:39 | Construir | Farm |
| 19:44 | Construir | Mining Camp |
| 19:50 | Construir | House |
| 19:52 | Construir | House |
| 19:54 | Construir | House |
| 21:32 | Investigar | Castle Age |
| 21:32 | Investigar | Castle Age |
| 21:39 | Construir | Farm |
| 21:40 | Crear | Villager (Male) |
| 21:41 | Crear | Villager (Male) |
| 22:05 | Construir | House |
| 22:06 | Construir | House |
| 22:09 | Crear | Archer |
| 22:09 | Crear | Archer |
| 22:09 | Crear | Archer |
| 22:09 | Crear | Archer |
| 22:57 | Crear | Villager (Male) |
| 23:02 | Investigar | Horse Collar |
| 23:02 | Investigar | Horse Collar |
| 23:03 | Investigar | Gold Mining |
| 23:11 | Construir | House |
| 23:12 | Construir | House |
| 23:13 | Construir | House |
| 23:36 | Crear | Archer |
Build order — Lunar Reflection
113 acciones detectadas en el replay
| 0:02 | Crear | Villager (Male) |
| 0:02 | Crear | Villager (Male) |
| 0:03 | Crear | Villager (Male) |
| 0:03 | Crear | Villager (Male) |
| 0:03 | Crear | Villager (Male) |
| 0:09 | Construir | House |
| 0:15 | Construir | House |
| 1:38 | Crear | Villager (Male) |
| 1:38 | Crear | Villager (Male) |
| 2:16 | Crear | Villager (Male) |
| 2:16 | Crear | Villager (Male) |
| 2:40 | Construir | Lumber Camp |
| 2:42 | Crear | Villager (Male) |
| 2:43 | Crear | Villager (Male) |
| 2:43 | Crear | Villager (Male) |
| 3:10 | Crear | Villager (Male) |
| 3:10 | Crear | Villager (Male) |
| 3:36 | Crear | Villager (Male) |
| 3:37 | Crear | Villager (Male) |
| 4:02 | Construir | House |
| 4:13 | Crear | Villager (Male) |
| 4:14 | Crear | Villager (Male) |
| 4:34 | Crear | Villager (Male) |
| 4:47 | Crear | Villager (Male) |
| 4:47 | Crear | Villager (Male) |
| 5:41 | Crear | Villager (Male) |
| 5:42 | Crear | Villager (Male) |
| 5:42 | Crear | Villager (Male) |
| 5:55 | Construir | House |
| 6:51 | Construir | Mill |
| 7:14 | Investigar | Loom |
| 7:44 | Construir | Mining Camp |
| 8:27 | Investigar | Feudal Age |
| 10:15 | Construir | Mill |
| 10:37 | Edad | Edad Feudal |
| 10:45 | Crear | Villager (Male) |
| 10:49 | Crear | Villager (Male) |
| 10:58 | Construir | Market |
| 11:28 | Construir | Blacksmith |
| 11:34 | Construir | House |
| 11:45 | Crear | Villager (Male) |
| 12:18 | Construir | Stone Wall |
| 12:52 | Crear | Villager (Male) |
| 13:10 | Construir | House |
| 13:24 | Crear | Villager (Male) |
| 13:59 | Investigar | Castle Age |
| 14:04 | Construir | Mining Camp |
| 14:46 | Construir | House |
| 15:02 | Construir | Lumber Camp |
| 15:34 | Investigar | Stone Mining |
| 15:50 | Construir | House |
| 16:11 | Investigar | Double-Bit Axe |
| 16:27 | Construir | House |
| 16:39 | Edad | Edad de los Castillos |
| 17:05 | Construir | Farm |
| 17:16 | Construir | Farm |
| 17:17 | Construir | Farm |
| 17:41 | Construir | Monastery |
| 18:00 | Crear | Villager (Male) |
| 18:25 | Crear | Villager (Male) |
| 19:14 | Construir | Barracks |
| 19:21 | Crear | Villager (Male) |
| 19:39 | Construir | Castle |
| 20:17 | Crear | Villager (Male) |
| 20:27 | Crear | Villager (Male) |
| 20:37 | Construir | Siege Workshop |
| 20:51 | Crear | Monk |
| 21:06 | Crear | Villager (Male) |
| 21:25 | Construir | Mining Camp |
| 21:48 | Construir | Stone Wall |
| 21:55 | Construir | Stone Wall |
| 22:04 | Crear | Villager (Male) |
| 22:25 | Crear | Villager (Male) |
| 22:57 | Construir | Stone Wall |
| 23:05 | Crear | Villager (Male) |
| 23:11 | Crear | Iron Pagoda |
| 23:22 | Construir | Building 490 |
| 23:34 | Construir | Building 490 |
| 23:55 | Construir | Lumber Camp |
| 24:06 | Construir | Town Center |
| 24:10 | Crear | Villager (Male) |
| 24:24 | Crear | Villager (Male) |
| 24:33 | Construir | Farm |
| 24:41 | Construir | Farm |
| 25:35 | Construir | Stone Wall |
| 25:40 | Construir | Stone Wall |
| 26:33 | Crear | Villager (Male) |
| 26:47 | Construir | Farm |
| 27:14 | Construir | Farm |
| 27:55 | Investigar | Imperial Age |
| 28:14 | Construir | Farm |
| 28:19 | Construir | Farm |
| 28:25 | Crear | Villager (Male) |
| 29:36 | Crear | Villager (Male) |
| 29:56 | Construir | Stone Wall |
| 30:01 | Construir | Building 487 |
| 30:26 | Construir | University |
| 30:31 | Crear | Villager (Male) |
| 30:36 | Crear | Iron Pagoda |
| 30:56 | Investigar | Man-at-Arms (upgrade) |
| 31:05 | Edad | Edad Imperial |
| 31:05 | Investigar | Scale Mail Armor |
| 31:36 | Construir | Barracks |
| 31:41 | Construir | Barracks |
| 31:43 | Construir | Barracks |
| 31:44 | Construir | Barracks |
| 31:46 | Construir | Barracks |
| 31:49 | Construir | Barracks |
| 32:05 | Investigar | Long Swordsman (upgrade) |
| 32:19 | Crear | Villager (Male) |
| 32:19 | Crear | Villager (Male) |
| 32:50 | Investigar | Wheelbarrow |
| 33:38 | Investigar | Gambesons |
Build order — Ruunbibi
Primeras 150 de 228 acciones detectadas
| 0:02 | Construir | House |
| 0:04 | Construir | House |
| 0:05 | Crear | Villager (Male) |
| 0:05 | Crear | Villager (Male) |
| 0:11 | Crear | Villager (Male) |
| 0:11 | Crear | Villager (Male) |
| 0:12 | Crear | Villager (Male) |
| 1:24 | Construir | Lumber Camp |
| 1:35 | Crear | Villager (Male) |
| 1:35 | Crear | Villager (Male) |
| 2:03 | Investigar | Loom |
| 2:08 | Crear | Villager (Male) |
| 2:37 | Crear | Villager (Male) |
| 2:37 | Crear | Villager (Male) |
| 3:32 | Crear | Villager (Male) |
| 3:42 | Construir | House |
| 3:46 | Crear | Villager (Male) |
| 3:46 | Crear | Villager (Male) |
| 4:06 | Crear | Villager (Male) |
| 4:07 | Crear | Villager (Male) |
| 4:58 | Crear | Villager (Male) |
| 4:58 | Crear | Villager (Male) |
| 5:05 | Crear | Villager (Male) |
| 5:15 | Construir | Mill |
| 5:21 | Construir | House |
| 5:23 | Crear | Villager (Male) |
| 5:42 | Crear | Villager (Male) |
| 6:16 | Crear | Villager (Male) |
| 6:40 | Crear | Villager (Male) |
| 7:47 | Investigar | Feudal Age |
| 8:25 | Construir | Barracks |
| 8:43 | Construir | Mining Camp |
| 9:20 | Construir | House |
| 9:57 | Edad | Edad Feudal |
| 9:59 | Construir | Archery Range |
| 10:02 | Crear | Villager (Male) |
| 10:04 | Crear | Villager (Male) |
| 10:21 | Construir | Archery Range |
| 10:23 | Crear | Villager (Male) |
| 10:46 | Crear | Archer |
| 11:03 | Crear | Archer |
| 11:08 | Crear | Archer |
| 11:21 | Construir | Blacksmith |
| 11:34 | Construir | House |
| 11:55 | Crear | Archer |
| 11:55 | Crear | Archer |
| 12:05 | Crear | Villager (Male) |
| 12:05 | Crear | Villager (Male) |
| 12:21 | Construir | House |
| 12:50 | Crear | Archer |
| 12:51 | Crear | Archer |
| 12:51 | Crear | Archer |
| 12:52 | Construir | House |
| 13:00 | Crear | Villager (Male) |
| 13:14 | Construir | Market |
| 13:18 | Investigar | Fletching |
| 13:31 | Investigar | Padded Archer Armor |
| 13:40 | Crear | Villager (Male) |
| 13:40 | Crear | Villager (Male) |
| 13:45 | Crear | Archer |
| 13:45 | Crear | Archer |
| 13:53 | Crear | Villager (Male) |
| 14:09 | Crear | Archer |
| 14:09 | Crear | Archer |
| 14:26 | Crear | Archer |
| 14:26 | Crear | Archer |
| 14:26 | Crear | Archer |
| 14:49 | Crear | Archer |
| 14:49 | Crear | Archer |
| 14:56 | Construir | Farm |
| 15:03 | Crear | Skirmisher |
| 15:09 | Crear | Villager (Male) |
| 15:14 | Crear | Skirmisher |
| 15:14 | Crear | Skirmisher |
| 15:45 | Construir | Farm |
| 15:46 | Crear | Villager (Male) |
| 16:00 | Crear | Villager (Male) |
| 16:03 | Investigar | Horse Collar |
| 16:07 | Crear | Archer |
| 16:07 | Crear | Archer |
| 16:18 | Construir | Farm |
| 16:21 | Construir | House |
| 16:21 | Crear | Villager (Male) |
| 16:42 | Crear | Archer |
| 16:43 | Crear | Archer |
| 16:47 | Crear | Villager (Male) |
| 16:47 | Crear | Villager (Male) |
| 16:50 | Construir | Farm |
| 16:54 | Crear | Archer |
| 16:54 | Crear | Archer |
| 16:58 | Construir | House |
| 17:10 | Construir | Farm |
| 17:12 | Crear | Villager (Male) |
| 17:15 | Construir | Farm |
| 17:20 | Crear | Archer |
| 17:33 | Construir | Farm |
| 17:40 | Crear | Archer |
| 17:50 | Construir | Farm |
| 17:53 | Construir | Farm |
| 17:54 | Crear | Villager (Male) |
| 18:29 | Crear | Archer |
| 18:29 | Crear | Archer |
| 18:36 | Construir | Farm |
| 18:39 | Construir | Lumber Camp |
| 18:47 | Crear | Archer |
| 18:48 | Crear | Archer |
| 18:50 | Crear | Villager (Male) |
| 18:50 | Crear | Villager (Male) |
| 19:15 | Crear | Skirmisher |
| 19:15 | Crear | Skirmisher |
| 19:17 | Crear | Villager (Male) |
| 19:26 | Construir | Farm |
| 19:27 | Crear | Villager (Male) |
| 19:34 | Crear | Skirmisher |
| 19:47 | Construir | House |
| 19:53 | Construir | Farm |
| 20:13 | Crear | Villager (Male) |
| 20:16 | Construir | House |
| 20:30 | Construir | Farm |
| 21:05 | Construir | Farm |
| 21:06 | Crear | Villager (Male) |
| 21:21 | Construir | Farm |
| 21:29 | Investigar | Castle Age |
| 21:41 | Crear | Skirmisher |
| 21:41 | Crear | Skirmisher |
| 21:45 | Construir | Farm |
| 21:54 | Investigar | Double-Bit Axe |
| 22:33 | Crear | Archer |
| 22:34 | Crear | Archer |
| 22:54 | Investigar | Gold Mining |
| 22:56 | Crear | Archer |
| 22:56 | Crear | Archer |
| 23:28 | Construir | Archery Range |
| 24:11 | Edad | Edad de los Castillos |
| 24:14 | Construir | University |
| 24:19 | Investigar | Elite Skirmisher (upgrade) |
| 24:29 | Investigar | Thumb Ring |
| 24:37 | Investigar | Crossbowman (upgrade) |
| 24:38 | Crear | Villager (Male) |
| 24:39 | Crear | Villager (Male) |
| 24:54 | Investigar | Leather Archer Armor |
| 25:04 | Crear | Villager (Male) |
| 25:11 | Construir | Town Center |
| 25:22 | Crear | Archer |
| 25:22 | Crear | Archer |
| 25:23 | Crear | Archer |
| 25:23 | Crear | Archer |
| 25:32 | Construir | House |
| 25:37 | Crear | Villager (Male) |
| 25:38 | Crear | Villager (Male) |
Cronología de la partida
| 6:35 | SJW | Jasent · first_building Barracks |
| 7:39 | Czech_Airwave · wall_segment Palisade Wall x1 |
| 8:25 | Ruunbibi · first_building Barracks |
| 9:46 | Czech_Airwave · age_up feudal |
| 9:57 | Ruunbibi · age_up feudal |
| 9:59 | Ruunbibi · first_building Archery Range |
| 10:32 | SJW | Jasent · age_up feudal |
| 10:35 | Czech_Airwave · first_market_sell 100 stone |
| 10:37 | SJW | Jasent · first_building Archery Range |
| 10:37 | Lunar Reflection · age_up feudal |
| 10:51 | SJW | Isaac · age_up feudal |
| 11:12 | Czech_Airwave · first_market_buy 100 food |
| 11:15 | SJW | Henrì · age_up feudal |
| 12:18 | Lunar Reflection · wall_segment Stone Wall x18 |
| 13:07 | SJW | Isaac · first_market_sell 100 stone |
| 13:36 | SJW | Jasent · wall_segment Palisade Wall x1 |
| 13:50 | SJW | Henrì · first_market_sell 100 food |
| 13:52 | SJW | Henrì · first_market_buy 100 stone |
| 14:24 | Ruunbibi · first_market_sell 100 stone |
| 15:16 | Ruunbibi · first_market_buy 100 food |
| 15:26 | SJW | Henrì · age_up castle |
| 15:54 | SJW | Isaac · age_up castle |
| 16:09 | Czech_Airwave · age_up castle |
| 16:11 | Czech_Airwave · first_building Castle |
| 16:39 | Lunar Reflection · age_up castle |
| 17:00 | SJW | Isaac · first_building Barracks |
| 17:07 | SJW | Isaac · first_market_buy 100 stone |
| 17:28 | SJW | Isaac · first_building Castle |
| 17:41 | Lunar Reflection · first_building Monastery |
| 19:14 | Lunar Reflection · first_building Barracks |
| 19:39 | Lunar Reflection · first_building Castle |
| 20:37 | Lunar Reflection · first_building Siege Workshop |
| 21:48 | Lunar Reflection · wall_segment Stone Wall x9 |
| 21:55 | Lunar Reflection · wall_segment Stone Wall x1 |
| 22:57 | Lunar Reflection · wall_segment Stone Wall x16 |
| 24:11 | Ruunbibi · age_up castle |
| 24:12 | SJW | Jasent · age_up castle |
| 25:26 | SJW | Jasent · first_building Castle |
| 25:35 | Lunar Reflection · wall_segment Stone Wall x12 |
| 25:40 | Lunar Reflection · wall_segment Stone Wall x11 |
| 25:53 | SJW | Henrì · first_building Barracks |
| 26:10 | Lunar Reflection · first_market_sell 100 stone |
| 26:18 | Lunar Reflection · first_market_buy 100 food |
| 27:08 | SJW | Henrì · first_building Monastery |
| 27:39 | Ruunbibi · first_building Siege Workshop |
| 27:49 | SJW | Henrì · first_building Stable |
| 28:32 | Czech_Airwave · first_building Barracks |
| 28:32 | SJW | Isaac · age_up imperial |
| 29:23 | SJW | Jasent · first_market_buy 100 food |
| 29:26 | SJW | Jasent · first_market_sell 100 stone |
| 29:56 | Lunar Reflection · wall_segment Stone Wall x14 |
| 30:08 | Czech_Airwave · first_building Stable |
| 30:25 | Ruunbibi · wall_segment Stone Wall x13 |
| 31:05 | Lunar Reflection · age_up imperial |
| 31:15 | SJW | Henrì · age_up imperial |
| 32:09 | Ruunbibi · wall_segment Stone Wall x12 |
| 33:11 | Czech_Airwave · age_up imperial |
| 33:15 | Ruunbibi · resign |
| 33:21 | SJW | Jasent · age_up imperial |
[ ANÁLISIS IA · 1 CRÉDITO ]
¿Qué pasó realmente en esta partida?
Wolo.gg analiza cada decisión: build order, eco, micro, errores típicos por bracket. Análisis personalizado por WhatsApp o Discord en 30 segundos.
Guía civ
Godos
Perfil
Jugador #24092